[Event "ICC tourney 2308 (3 2)"]
[Site "Internet Chess Club"]
[Date "2021.01.15"]
[Round "1"]
[White "yogokings12"]
[Black "CaptK"]
[Result "0-1"]
[ICCResult "White resigns"]
[WhiteElo "1683"]
[BlackElo "2368"]
[Opening "Alekhine's defense: four pawns attack, fianchetto variation"]
[ECO "B03"]
[NIC "AL.07"]
[Time "20:01:31"]
[PlyCount "34"]
[TimeControl "180+2"]

1. e4 Nf6 2. e5 Nd5 3. d4 d6 4. c4 Nb6 5. f4 g6 6. Nc3 Bg7 7. Be3 h5 8. Nf3
Bg4 9. Be2 N8d7 10. O-O c5 11. exd6 exd6 12. dxc5 dxc5 13. h3 Be6 14. Nd5
O-O 15. Rb1 Bf5 16. Rc1 Bxb2 17. Qc2 Bxc2 { White resigns } 0-1

[Event "ICC tourney 2308 (3 2)"]
[Site "Internet Chess Club"]
[Date "2021.01.15"]
[Round "1"]
[White "elshan-defence"]
[Black "ChiefDas"]
[Result "1-0"]
[ICCResult "Black checkmated"]
[WhiteElo "2624"]
[BlackElo "1857"]
[Opening "QGA: 4...e6"]
[ECO "D26"]
[NIC "QG.08"]
[Time "20:01:24"]
[PlyCount "39"]
[TimeControl "180+2"]

1. Nf3 Nf6 2. d4 d5 3. c4 dxc4 4. e3 e6 5. Bxc4 Bd6 6. O-O O-O 7. Nc3 a6 8.
e4 Be7 9. e5 Nd5 10. Nxd5 exd5 11. Bd3 Bg4 12. h3 Bh5 13. Be3 Nc6 14. Rc1
Nb4 15. Bb1 Qd7 16. Re1 Rac8 17. a3 Nc6 18. Kh2 b5 19. Qc2 Na5 20. Qxh7# {
Black checkmated } 1-0

[Event "ICC tourney 2308 (3 2)"]
[Site "Internet Chess Club"]
[Date "2021.01.15"]
[Round "1"]
[White "rychessmaster1"]
[Black "arunjayanthi"]
[Result "1-0"]
[ICCResult "Black checkmated"]
[WhiteElo "2187"]
[BlackElo "1524"]
[Opening "Queen's pawn: Chigorin variation"]
[ECO "D00"]
[NIC "QP.08"]
[Time "20:01:33"]
[PlyCount "57"]
[TimeControl "180+2"]

1. d4 d5 2. Nc3 Bf5 3. Bf4 e6 4. e3 Nf6 5. f3 Bd6 6. Nge2 O-O 7. g4 Bg6 8.
h4 Bxf4 9. Nxf4 h5 10. Nxg6 fxg6 11. g5 Nh7 12. Bd3 Nd7 13. Bxg6 e5 14. Qd3
exd4 15. Bxh7+ Kh8 16. exd4 Re8+ 17. Kd2 c5 18. Rae1 cxd4 19. Rxe8+ Qxe8
20. Nxd5 Ne5 21. Qf5 Nxf3+ 22. Qxf3 Kxh7 23. Re1 Qb5 24. Qf5+ Kh8 25. Kc1
Rd8 26. g6 Kg8 27. Ne7+ Kh8 28. Qxb5 Rf8 29. Qxh5# { Black checkmated } 1-0

[Event "ICC tourney 2308 (3 2)"]
[Site "Internet Chess Club"]
[Date "2021.01.15"]
[Round "1"]
[White "GrandWizard"]
[Black "Dlugy"]
[Result "0-1"]
[ICCResult "White resigns"]
[WhiteElo "1806"]
[BlackElo "2607"]
[Opening "Hammerschlag (Fried fox/Pork chop opening)"]
[ECO "A00"]
[Time "20:01:25"]
[PlyCount "56"]
[TimeControl "180+2"]

1. f3 e5 2. Kf2 f5 3. e3 Nf6 4. g3 d5 5. c3 c5 6. d4 e4 7. f4 Nc6 8. h3 Be7
9. Be2 O-O 10. g4 h6 11. Nd2 c4 12. Nf1 b5 13. Bd2 Qd7 14. Ng3 fxg4 15.
hxg4 Nxg4+ 16. Bxg4 Qxg4 17. Qxg4 Bxg4 18. N1e2 b4 19. cxb4 Nxb4 20. Bxb4
Bxb4 21. a3 Ba5 22. Nc3 Rab8 23. Rab1 Bf3 24. Rh2 Bxc3 25. b4 cxb3 26. Rg1
b2 27. Nh5 Bxh5 28. Rxh5 Rxf4+ { White resigns } 0-1

[Event "ICC tourney 2308 (3 2)"]
[Site "Internet Chess Club"]
[Date "2021.01.15"]
[Round "1"]
[White "mhebden"]
[Black "ved2006"]
[Result "1-0"]
[ICCResult "Black resigns"]
[WhiteElo "2503"]
[BlackElo "1686"]
[Opening "Queen's pawn: Chigorin variation"]
[ECO "D00"]
[NIC "QP.08"]
[Time "20:01:22"]
[PlyCount "47"]
[TimeControl "180+2"]

1. d4 d5 2. Nc3 Nf6 3. Bf4 e6 4. e3 c5 5. Nb5 Na6 6. c3 Qb6 7. a4 Bd7 8. h3
c4 9. b3 Bxb5 10. axb5 Qxb5 11. bxc4 dxc4 12. Qb1 Qc6 13. Nf3 Nd5 14. Ne5
Qc8 15. Bxc4 Nxc3 16. Qb3 Nd5 17. Bb5+ Ke7 18. O-O Nxf4 19. exf4 Nc7 20.
Bd7 Qd8 21. Qxb7 f6 22. Nc6+ Kxd7 23. Nxd8 Rxd8 24. Rxa7 { Black resigns }
1-0

[Event "ICC tourney 2308 (3 2)"]
[Site "Internet Chess Club"]
[Date "2021.01.15"]
[Round "1"]
[White "pyaru536"]
[Black "blackjack721"]
[Result "1-0"]
[ICCResult "Black checkmated"]
[WhiteElo "2092"]
[BlackElo "1454"]
[Opening "Two knights defense"]
[ECO "C55"]
[NIC "IG.01"]
[Time "20:01:21"]
[PlyCount "39"]
[TimeControl "180+2"]

1. e4 e5 2. Nf3 Nc6 3. Bc4 Nf6 4. d4 Nxe4 5. O-O Qf6 6. dxe5 Qg6 7. Bd3 d5
8. exd6 f5 9. dxc7 Bd6 10. Nc3 O-O 11. Nb5 Bc5 12. Bxe4 fxe4 13. Ng5 Bxf2+
14. Rxf2 Rxf2 15. Kxf2 Qf5+ 16. Kg1 Be6 17. Nd6 Ne7 18. Nxf5 Bxf5 19. Qd8+
Rxd8 20. cxd8=Q# { Black checkmated } 1-0

[Event "ICC tourney 2308 (3 2)"]
[Site "Internet Chess Club"]
[Date "2021.01.15"]
[Round "1"]
[White "Ayushb"]
[Black "woochess"]
[Result "0-1"]
[ICCResult "White resigns"]
[WhiteElo "1769"]
[BlackElo "2595"]
[Opening "Sicilian: Anderssen variation"]
[ECO "B41"]
[NIC "SI.41"]
[Time "20:01:33"]
[PlyCount "52"]
[TimeControl "180+2"]

1. e4 c5 2. Nf3 e6 3. d4 cxd4 4. Nxd4 Nf6 5. Nc3 Nc6 6. Be3 d6 7. g3 Bd7 8.
Bg2 Be7 9. O-O O-O 10. h3 a6 11. f4 Qc7 12. g4 Nxd4 13. Bxd4 e5 14. Be3
exf4 15. Rxf4 Be6 16. Nd5 Bxd5 17. exd5 Nd7 18. c3 Bg5 19. Rf3 Bxe3+ 20.
Rxe3 Qb6 21. Qd4 Qxb2 22. Rae1 Ne5 23. R3e2 Qa3 24. Be4 Rac8 25. Re3 Rc4
26. Qd2 Rxe4 { White resigns } 0-1

[Event "ICC tourney 2308 (3 2)"]
[Site "Internet Chess Club"]
[Date "2021.01.15"]
[Round "1"]
[White "MasterZachary"]
[Black "SuperBlueSky"]
[Result "1-0"]
[ICCResult "Black checkmated"]
[WhiteElo "2307"]
[BlackElo "1562"]
[Opening "Giuoco Piano"]
[ECO "C54"]
[NIC "IG.02"]
[Time "20:01:21"]
[PlyCount "85"]
[TimeControl "180+2"]

1. e4 e5 2. Nf3 Nc6 3. Bc4 Bc5 4. c3 Nf6 5. d3 d6 6. Nbd2 a6 7. a4 O-O 8.
Nf1 Be6 9. Bxe6 fxe6 10. Ng3 d5 11. O-O Qd7 12. Qe2 Rae8 13. b4 Ba7 14. b5
Na5 15. Nxe5 Qe7 16. d4 Nb3 17. Ba3 c5 18. bxc6 Qc7 19. Rab1 Na5 20. Bxf8
Rxf8 21. cxb7 Nxb7 22. Qxa6 Nd6 23. Nc6 Bb8 24. Nxb8 Rxb8 25. Rxb8+ Qxb8
26. e5 Nfe4 27. exd6 Nxd6 28. a5 Nc4 29. Qxe6+ Kh8 30. a6 h6 31. Qxd5 Nd2
32. Re1 Kh7 33. Qf5+ Kh8 34. Qg6 Nc4 35. Re8+ Qxe8 36. Qxe8+ Kh7 37. a7 Nb6
38. Qc6 Na8 39. Qxa8 h5 40. Qe4+ Kh6 41. a8=Q h4 42. Qh8+ Kg5 43. Qhxh4# {
Black checkmated } 1-0

[Event "ICC tourney 2308 (3 2)"]
[Site "Internet Chess Club"]
[Date "2021.01.15"]
[Round "1"]
[White "baldwinsthename"]
[Black "chesssky"]
[Result "0-1"]
[ICCResult "White resigns"]
[WhiteElo "1272"]
[BlackElo "1991"]
[Opening "Mieses opening"]
[ECO "A00"]
[NIC "VO.13"]
[Time "20:01:34"]
[PlyCount "94"]
[TimeControl "180+2"]

1. d3 d5 2. c3 c5 3. Nd2 Nc6 4. Ngf3 Nf6 5. e4 g6 6. e5 Ng4 7. d4 Bg7 8.
Be2 O-O 9. Ng5 Nh6 10. h4 e6 11. Ngf3 c4 12. O-O Nf5 13. Re1 Nxh4 14. Nf1
b5 15. Bg5 Nxf3+ 16. Bxf3 Qxg5 17. Ng3 a5 18. Qc2 b4 19. Kf1 Ba6 20. Be2
Rfb8 21. Nh1 Qh4 22. Kg1 a4 23. Bf3 Bb5 24. g3 Qe7 25. Kg2 Rb7 26. a3 bxc3
27. bxc3 Na5 28. Bd1 Nb3 29. Rb1 Qxa3 30. Qe2 Rc8 31. f4 Qe7 32. Nf2 a3 33.
Bxb3 cxb3 34. Qd2 Bc4 35. Nd3 Bxd3 36. Qxd3 b2 37. Qa6 Rxc3 38. Qa8+ Bf8
39. Re2 Rc1 40. Re1 Rxe1 41. Rxe1 b1=Q 42. Rxb1 Rxb1 43. Qa4 Qb7 44. Kf3 a2
45. Qxa2 Rb3+ 46. Kg4 Qb5 47. Qe2 Qxe2+ { White resigns } 0-1

[Event "ICC tourney 2308 (3 2)"]
[Site "Internet Chess Club"]
[Date "2021.01.15"]
[Round "1"]
[White "A4-H5"]
[Black "ThomasBoyle"]
[Result "1-0"]
[ICCResult "Black resigns"]
[WhiteElo "1999"]
[BlackElo "1283"]
[Opening "Amar (Paris) opening"]
[ECO "A00"]
[NIC "VO.16"]
[Time "20:01:35"]
[PlyCount "85"]
[TimeControl "180+2"]

1. Nh3 e5 2. c4 Nf6 3. Nc3 Bc5 4. Nd5 Nxd5 5. cxd5 c6 6. Qc2 Bb6 7. e4 d6
8. d3 O-O 9. Bg5 Qc7 10. Be3 Ba5+ 11. Bd2 Bb6 12. Be3 c5 13. Be2 Ba5+ 14.
Bd2 Bb6 15. a4 Qd7 16. a5 Bd8 17. O-O Qe8 18. Ng5 f6 19. Nf3 Qg6 20. Nh4
Qf7 21. f4 exf4 22. Nf5 Bxf5 23. exf5 Qxd5 24. Rxf4 Na6 25. Bf3 Qf7 26. d4
cxd4 27. Rxd4 Kh8 28. Bd5 Qe7 29. Re4 Qd7 30. Rae1 Qb5 31. Be6 Nb4 32. Bxb4
Qxb4 33. Rxb4 Bxa5 34. Rbe4 Bxe1 35. Rxe1 a5 36. h4 b5 37. h5 h6 38. Rd1 b4
39. Rxd6 a4 40. Rd3 a3 41. bxa3 bxa3 42. Qa2 Rfb8 43. Rxa3 { Black resigns
} 1-0

[Event "ICC tourney 2308 (3 2)"]
[Site "Internet Chess Club"]
[Date "2021.01.15"]
[Round "1"]
[White "Jesuscalling"]
[Black "iszerencsy"]
[Result "1-0"]
[ICCResult "Black checkmated"]
[WhiteElo "2050"]
[BlackElo "1425"]
[Opening "Old Benoni defense"]
[ECO "A43"]
[NIC "OI.09"]
[Time "20:01:21"]
[PlyCount "133"]
[TimeControl "180+2"]

1. d4 c5 2. e3 e6 3. Nf3 Nf6 4. c3 cxd4 5. exd4 d5 6. Bd3 Be7 7. O-O h6 8.
Ne5 Nbd7 9. f4 Qc7 10. Be3 b6 11. Qe2 a6 12. Bf2 b5 13. f5 Nxe5 14. dxe5
Ng8 15. Bd4 Bc5 16. fxe6 Bxe6 17. Nd2 Bxd4+ 18. cxd4 Ne7 19. Rac1 Qb6 20.
Qe3 O-O 21. Rc5 Rac8 22. b4 Nc6 23. a3 Ne7 24. Nb3 Rfd8 25. Rfc1 Rb8 26.
Rc7 Nf5 27. Bxf5 Bxf5 28. R1c6 Qxc6 29. Rxc6 Rbc8 30. Rxc8 Rxc8 31. Nc5 Ra8
32. Qf4 Bg6 33. e6 fxe6 34. Nxe6 a5 35. Nc7 Rc8 36. Nxb5 Bd3 37. Nd6 Rf8
38. Qc1 axb4 39. axb4 Rf1+ 40. Qxf1 Bxf1 41. Kxf1 Kf8 42. b5 Ke7 43. Nf5+
Kd7 44. Nxg7 Kc7 45. Ne6+ Kb6 46. Nf4 Kxb5 47. Nxd5 Kc4 48. Ne7 h5 49. Nf5
Kd5 50. Kf2 Ke4 51. Ng3+ Kxd4 52. Nxh5 Ke5 53. Kg3 Kf5 54. Kh4 Kg6 55. g4
Kh7 56. Kg5 Kh8 57. Ng3 Kh7 58. h4 Kh8 59. h5 Kh7 60. Kf6 Kh6 61. g5+ Kh7
62. h6 Kh8 63. g6 Kg8 64. Ne4 Kh8 65. Ng5 Kg8 66. h7+ Kh8 67. Nf7# { Black
checkmated } 1-0

[Event "ICC tourney 2308 (3 2)"]
[Site "Internet Chess Club"]
[Date "2021.01.15"]
[Round "1"]
[White "Ben2008"]
[Black "Retrospective"]
[Result "0-1"]
[ICCResult "White resigns"]
[WhiteElo "1900"]
[BlackElo "2668"]
[Opening "Caro-Kann: advance variation"]
[ECO "B12"]
[NIC "CK.04"]
[Time "20:01:27"]
[PlyCount "78"]
[TimeControl "180+2"]

1. e4 c6 2. d4 d5 3. e5 Bf5 4. h4 h5 5. Nf3 e6 6. Bd3 Bxd3 7. Qxd3 Qa5+ 8.
c3 Qa6 9. Qe2 Qxe2+ 10. Kxe2 c5 11. Nbd2 Nc6 12. g3 cxd4 13. cxd4 Nh6 14.
Nb3 Nf5 15. Bd2 Be7 16. Rhd1 b6 17. Rac1 Kd7 18. Bg5 f6 19. Bf4 Rhc8 20. a3
a5 21. Kd3 a4 22. Nbd2 b5 23. Ra1 b4 24. axb4 Nxb4+ 25. Ke2 Nc2 26. Rac1
Ncxd4+ 27. Nxd4 Nxd4+ 28. Kd3 Nc6 29. exf6 gxf6 30. Re1 e5 31. Be3 d4 32.
Bh6 Rh8 33. Bg7 Rh7 34. Bxf6 Bxf6 35. Ne4 Be7 36. Rc4 a3 37. bxa3 Rxa3+ 38.
Kc2 Nb4+ 39. Kb2 Nd3+ { White resigns } 0-1

[Event "ICC tourney 2308 (3 2)"]
[Site "Internet Chess Club"]
[Date "2021.01.15"]
[Round "1"]
[White "pracheth18"]
[Black "kurumania"]
[Result "0-1"]
[ICCResult "White resigns"]
[WhiteElo "1733"]
[BlackElo "2514"]
[Opening "Queen's pawn, Mason variation, Steinitz counter-gambit"]
[ECO "D00"]
[NIC "QP.08"]
[Time "20:01:51"]
[PlyCount "96"]
[TimeControl "180+2"]

1. d4 d5 2. Bf4 c5 3. e3 Nc6 4. Nf3 Bg4 5. h3 Bh5 6. c3 e6 7. Be2 Nf6 8.
Nbd2 Qb6 9. Qb3 c4 10. Qxb6 axb6 11. Ne5 b5 12. Bxh5 Nxh5 13. Nxc6 bxc6 14.
Bh2 b4 15. O-O Nf6 16. cxb4 Bxb4 17. Nf3 Nd7 18. a3 Be7 19. Ne5 Nxe5 20.
Bxe5 f6 21. Bg3 Kd7 22. Rfc1 Ra7 23. f3 Rb7 24. Rab1 Ra8 25. e4 Ra4 26.
exd5 cxd5 27. Kf1 Rb3 28. Ke2 Ra6 29. Be1 Rab6 30. Bc3 Bxa3 31. Rc2 Bd6 32.
Ra1 Rb7 33. Ra4 Bb4 34. Bxb4 R3xb4 35. Rxb4 Rxb4 36. Kd2 Rb3 37. Ke2 Rd3
38. Rd2 Rxd2+ 39. Kxd2 Kc6 40. Kc3 Kb5 41. f4 Ka4 42. g4 g5 43. f5 exf5 44.
gxf5 h5 45. Kc2 Kb4 46. Kd2 Kb3 47. Kc1 g4 48. hxg4 hxg4 { White resigns }
0-1

[Event "ICC tourney 2308 (3 2)"]
[Site "Internet Chess Club"]
[Date "2021.01.15"]
[Round "1"]
[White "aberdeenace"]
[Black "ASharikov"]
[Result "0-1"]
[ICCResult "White checkmated"]
[WhiteElo "1546"]
[BlackElo "2281"]
[Opening "Alekhine's defense: Maróczy variation"]
[ECO "B02"]
[NIC "AL.10"]
[Time "20:01:33"]
[PlyCount "86"]
[TimeControl "180+2"]

1. e4 Nf6 2. d3 e5 3. f4 Nc6 4. Nf3 exf4 5. Bxf4 d5 6. e5 Nh5 7. Qd2 Nxf4
8. Qxf4 h6 9. Be2 g5 10. Qf6 Qxf6 11. exf6 Bd6 12. Nbd2 Be6 13. Nb3 O-O-O
14. O-O-O Rde8 15. Rde1 Bd7 16. g3 Ne5 17. Rhf1 Bh3 18. Nxe5 Bxf1 19. Nxf7
Rhf8 20. Nxd6+ cxd6 21. Rxf1 Rxe2 22. Nd4 Rxh2 23. f7 Kd7 24. Nf5 Rxf7 25.
g4 Rg2 26. Rh1 Rf6 27. Nxh6 Rff2 28. Ng8 Rxc2+ 29. Kd1 Rxb2 30. Kc1 Rxa2
31. Kb1 Rgb2+ 32. Kc1 Rh2 33. Rxh2 Rxh2 34. Kd1 a5 35. d4 a4 36. Kc1 b5 37.
Kb1 b4 38. Nf6+ Kc6 39. Nh5 b3 40. Ng3 a3 41. Kc1 Rg2 42. Nf5 a2 43. Kd1
a1=Q# { White checkmated } 0-1

[Event "ICC tourney 2308 (3 2)"]
[Site "Internet Chess Club"]
[Date "2021.01.15"]
[Round "1"]
[White "clair"]
[Black "Goran21"]
[Result "0-1"]
[ICCResult "White checkmated"]
[WhiteElo "1681"]
[BlackElo "2008"]
[Opening "Queen's pawn: London system"]
[ECO "A45"]
[NIC "QP.07"]
[Time "20:01:22"]
[PlyCount "128"]
[TimeControl "180+2"]

1. d4 Nf6 2. Bf4 g6 3. Nc3 d5 4. e3 Bg7 5. Nf3 O-O 6. Be2 c5 7. Ne5 Nc6 8.
Nxc6 bxc6 9. Be5 Bh6 10. h3 Nd7 11. Bh2 cxd4 12. exd4 Qb6 13. Na4 Qa5+ 14.
c3 Re8 15. b4 Qd8 16. O-O e5 17. dxe5 Nxe5 18. Nc5 Nd7 19. Nd3 Bg7 20. Rc1
Qe7 21. Bg4 Nf6 22. Re1 Qf8 23. Bxc8 Raxc8 24. Nc5 a5 25. Bd6 Qxd6 26. a3
axb4 27. axb4 Rxe1+ 28. Qxe1 Re8 29. Qd2 Ne4 30. Nxe4 Rxe4 31. Re1 Qe6 32.
Rxe4 Qxe4 33. Qa2 Be5 34. Qa8+ Kg7 35. g3 Bxc3 36. Qxc6 Bxb4 37. Qb5 Be1
38. Qb2+ d4 39. Qc1 Bc3 40. Qd1 d3 41. Qc1 Qe1+ 42. Qxe1 Bxe1 43. Kf1 d2
44. Ke2 Kf6 45. f4 Kf5 46. Kd1 Ke4 47. Ke2 Kd4 48. g4 Kc3 49. Kd1 f5 50. g5
Bg3 51. Ke2 Kc2 52. Kf3 Bh4 53. Ke3 Bxg5 54. Kd4 d1=Q+ 55. Ke5 Qe2+ 56. Kd6
Bxf4+ 57. Kd7 Qe5 58. h4 Qd6+ 59. Ke8 Qc7 60. Kf8 Bd6+ 61. Kg8 Be5 62. Kf8
Bf6 63. h5 Qe7+ 64. Kg8 Qg7# { White checkmated } 0-1

[Event "ICC tourney 2308 (3 2)"]
[Site "Internet Chess Club"]
[Date "2021.01.15"]
[Round "1"]
[White "MrWizard"]
[Black "leilei8514"]
[Result "1-0"]
[ICCResult "Black checkmated"]
[WhiteElo "2019"]
[BlackElo "1397"]
[Opening "Queen's pawn: London system"]
[ECO "A45"]
[NIC "QP.07"]
[Time "20:01:27"]
[PlyCount "79"]
[TimeControl "180+2"]

1. d4 Nf6 2. Bf4 g6 3. e3 Bg7 4. h3 d6 5. Nf3 O-O 6. Be2 c5 7. c3 Nc6 8.
O-O cxd4 9. exd4 e5 10. dxe5 dxe5 11. Nxe5 Nd5 12. Nxc6 bxc6 13. Bg3 Re8
14. Bf3 Be6 15. Nd2 Qb6 16. Nb3 a5 17. Qd2 Rab8 18. Bxb8 Rxb8 19. Nd4 Bd7
20. Bxd5 cxd5 21. b3 a4 22. Rfe1 axb3 23. axb3 Qd6 24. b4 Rc8 25. Qe3 Re8
26. Qf3 Rc8 27. Rac1 h5 28. Qg3 Qf8 29. b5 Rb8 30. Rb1 Bxd4 31. cxd4 Rxb5
32. Rxb5 Bxb5 33. Qe5 Bc4 34. Qf6 Bb3 35. Re7 Bc4 36. Rd7 Bb5 37. Rd8 Be8
38. Qe5 Kh7 39. Rxe8 Qb4 40. Rh8# { Black checkmated } 1-0

[Event "ICC tourney 2308 (3 2)"]
[Site "Internet Chess Club"]
[Date "2021.01.15"]
[Round "1"]
[White "dsmartins"]
[Black "Openyagami"]
[Result "0-1"]
[ICCResult "White resigns"]
[WhiteElo "1777"]
[BlackElo "2606"]
[Opening "Sicilian: Grand Prix attack"]
[ECO "B23"]
[NIC "SI.44"]
[Time "20:01:32"]
[PlyCount "86"]
[TimeControl "180+2"]

1. e4 c5 2. Nc3 Nc6 3. f4 g6 4. Nf3 Bg7 5. Bc4 e6 6. d3 Nge7 7. O-O d5 8.
Bb5 O-O 9. Bxc6 Nxc6 10. Qe1 Nd4 11. Nxd4 cxd4 12. Ne2 dxe4 13. dxe4 d3 14.
cxd3 Qxd3 15. Ng3 Bd7 16. Qd2 Qxd2 17. Bxd2 Bxb2 18. Rab1 Bd4+ 19. Kh1 Bc6
20. e5 Rfd8 21. Bb4 h5 22. Bd6 h4 23. Ne2 h3 24. Rg1 Bb6 25. Rb3 hxg2+ 26.
Rxg2 Rac8 27. Nc1 Bxg2+ 28. Kxg2 Rxc1 29. Rg3 Rxd6 30. exd6 Rd1 31. h4 Rxd6
32. h5 Kg7 33. hxg6 fxg6 34. Re3 Bxe3 35. f5 gxf5 36. a4 Kf6 37. a5 f4 38.
a6 bxa6 39. Kf3 Kf5 40. Ke2 Rd2+ 41. Ke1 Ke4 42. Kf1 Kf3 43. Ke1 Rd3 {
White resigns } 0-1

[Event "ICC tourney 2308 (3 2)"]
[Site "Internet Chess Club"]
[Date "2021.01.15"]
[Round "1"]
[White "CheddarCheng1"]
[Black "HR2005"]
[Result "0-1"]
[ICCResult "White resigns"]
[WhiteElo "1424"]
[BlackElo "2041"]
[Opening "Sicilian: Najdorf"]
[ECO "B90"]
[NIC "SI.14"]
[Time "20:01:20"]
[PlyCount "100"]
[TimeControl "180+2"]

1. e4 c5 2. Nf3 d6 3. d4 cxd4 4. Nxd4 Nf6 5. Nc3 a6 6. f3 e5 7. Nb3 Be6 8.
Be3 Be7 9. g4 O-O 10. Qd2 Nbd7 11. O-O-O b5 12. h4 b4 13. Ne2 a5 14. Kb1
Nb6 15. Ng3 Nc4 16. Bxc4 Bxc4 17. g5 Ne8 18. h5 a4 19. Nc1 b3 20. cxb3 axb3
21. a3 Nc7 22. g6 d5 23. gxh7+ Kh8 24. Nf5 d4 25. Nxe7 Qxe7 26. Bg5 f6 27.
Bh4 Nb5 28. h6 g5 29. Be1 Nxa3+ 30. bxa3 Qxa3 31. Qb2 Qa4 32. f4 exf4 33.
Rxd4 Kxh7 34. Rd6 Qb5 35. e5 fxe5 36. Bc3 Rfd8 37. Rxd8 Rxd8 38. Bxe5 Bd3+
39. Ka1 Ra8+ 40. Na2 Rxa2+ 41. Qxa2 bxa2 42. Kxa2 Qxe5 43. Rc1 Qd5+ 44. Kb2
Kxh6 45. Rd1 f3 46. Kc3 f2 47. Rxd3 Qxd3+ 48. Kxd3 f1=Q+ 49. Ke4 g4 50. Ke5
g3 { White resigns } 0-1

[Event "ICC tourney 2308 (3 2)"]
[Site "Internet Chess Club"]
[Date "2021.01.15"]
[Round "1"]
[White "Sparta250"]
[Black "chessrex"]
[Result "1-0"]
[ICCResult "Black checkmated"]
[WhiteElo "2702"]
[BlackElo "1949"]
[Opening "Philidor: Philidor counter-gambit, Zukertort variation"]
[ECO "C41"]
[NIC "KP.08"]
[Time "20:01:37"]
[PlyCount "147"]
[TimeControl "180+2"]

1. e4 e5 2. Nf3 d6 3. d4 f5 4. Nc3 fxe4 5. Nxe4 d5 6. Neg5 e4 7. Ne5 Nh6 8.
Qh5+ g6 9. Qd1 Bg7 10. Be2 O-O 11. O-O Nc6 12. f4 exf3 13. Ngxf3 Nf5 14.
Nxc6 bxc6 15. c3 Nd6 16. Bg5 Bf6 17. Bxf6 Rxf6 18. Ne5 Rxf1+ 19. Qxf1 Qe8
20. Bd3 Bf5 21. Bxf5 Nxf5 22. Re1 Qe6 23. Ng4 Qd6 24. Re5 Rf8 25. Qe2 h5
26. Ne3 Nxe3 27. Qxe3 Qf6 28. h3 Qf1+ 29. Kh2 Qf4+ 30. Qxf4 Rxf4 31. Re6
Rf2 32. Rxg6+ Kf7 33. Rxc6 Rxb2 34. Rxc7+ Ke6 35. Rxa7 Rc2 36. Rh7 Rxc3 37.
Rxh5 Ra3 38. Re5+ Kd6 39. Rf5 Rxa2 40. h4 Rd2 41. Rf4 Re2 42. Kh3 Kc6 43.
h5 Kb5 44. h6 Kc4 45. h7 Re8 46. Rh4 Rh8 47. Kg4 Kxd4 48. Kf5+ Ke3 49. Kg6
d4 50. Kg7 Rd8 51. h8=Q Rxh8 52. Rxh8 d3 53. Rd8 d2 54. g4 Ke2 55. Rxd2+
Kxd2 56. g5 Ke3 57. g6 Ke4 58. Kf7 Kf5 59. g7 Ke5 60. g8=Q Kd5 61. Qg6 Kc5
62. Qe6 Kd4 63. Ke7 Kc5 64. Qd6+ Kc4 65. Ke6 Kb5 66. Qd5+ Kb4 67. Ke5 Kc3
68. Qd4+ Kb3 69. Kd5 Kc2 70. Qe3 Kb2 71. Kc4 Kc2 72. Qe2+ Kb1 73. Kb3 Kc1
74. Qe1# { Black checkmated } 1-0

[Event "ICC tourney 2308 (3 2)"]
[Site "Internet Chess Club"]
[Date "2021.01.15"]
[Round "1"]
[White "haarim"]
[Black "MrNormalName"]
[Result "0-1"]
[ICCResult "White checkmated"]
[WhiteElo "1491"]
[BlackElo "2174"]
[Opening "Giuoco Piano"]
[ECO "C44"]
[NIC "SO.06"]
[Time "20:01:53"]
[PlyCount "60"]
[TimeControl "180+2"]

1. e4 e5 2. Nf3 Nc6 3. d4 exd4 4. Bc4 Bc5 5. c3 Nf6 6. e5 d5 7. Bb5 Ne4 8.
cxd4 Bb6 9. Bxc6+ bxc6 10. Be3 Ba6 11. Nbd2 O-O 12. Qc2 Nxd2 13. Nxd2 f6
14. Qxc6 fxe5 15. Qe6+ Kh8 16. Qxe5 Re8 17. Qg3 Bxd4 18. O-O-O Be5 19. Bf4
Bf6 20. Bxc7 Rc8 21. Kb1 Rxc7 22. Rc1 Rb7 23. Nb3 Re2 24. Rc2 Rxc2 25. Kxc2
Qc8+ 26. Kb1 Qf5+ 27. Ka1 Qc2 28. Rb1 Bd3 29. Nd2 Qxb2+ 30. Rxb2 Bxb2# {
White checkmated } 0-1

[Event "ICC tourney 2308 (3 2)"]
[Site "Internet Chess Club"]
[Date "2021.01.15"]
[Round "1"]
[White "Volkov"]
[Black "spideydavey"]
[Result "1-0"]
[ICCResult "Black forfeits on time"]
[WhiteElo "2607"]
[BlackElo "1802"]
[Opening "Benoni: Uhlmann variation"]
[ECO "A61"]
[NIC "BI.25"]
[Time "20:01:26"]
[PlyCount "43"]
[TimeControl "180+2"]

1. d4 Nf6 2. c4 c5 3. d5 e6 4. Nc3 exd5 5. cxd5 d6 6. Nf3 g6 7. Bg5 h6 8.
Bh4 Bg7 9. Nd2 O-O 10. e4 a6 11. a4 Nbd7 12. Be2 Re8 13. O-O Qc7 14. Rc1 b6
15. f4 Rb8 16. Kh1 b5 17. axb5 axb5 18. Bxf6 Nxf6 19. Nxb5 Qb6 20. e5 Nxd5
21. Nxd6 Ne3 22. N2c4 { Black forfeits on time } 1-0

[Event "ICC tourney 2308 (3 2)"]
[Site "Internet Chess Club"]
[Date "2021.01.15"]
[Round "1"]
[White "DualMoneytime"]
[Black "DrKnight01"]
[Result "1-0"]
[ICCResult "Black resigns"]
[WhiteElo "1982"]
[BlackElo "1216"]
[Opening "King's pawn game"]
[ECO "C50"]
[NIC "IG.03"]
[Time "20:01:35"]
[PlyCount "65"]
[TimeControl "180+2"]

1. e4 e5 2. Nf3 Nc6 3. Bc4 h6 4. d4 exd4 5. Nxd4 Bc5 6. Bxf7+ Kxf7 7. Qh5+
g6 8. Qxc5 Nf6 9. O-O Re8 10. Nxc6 bxc6 11. f3 Kg7 12. Nc3 Bb7 13. Qe3 g5
14. Qd4 d5 15. e5 Nh5 16. g4 Nf4 17. Bxf4 gxf4 18. Qxf4 Qh4 19. Qf6+ Qxf6
20. exf6+ Kxf6 21. Rfe1 Rxe1+ 22. Rxe1 Rf8 23. Kg2 Kg5 24. Kg3 d4 25. Ne4+
Kg6 26. Nc5 Ba8 27. b4 Rb8 28. a3 Kg5 29. f4+ Kg6 30. Re6+ Kf7 31. Rxh6 a5
32. Rh7+ Kf6 33. Nd7+ { Black resigns } 1-0

[Event "ICC tourney 2308 (3 2)"]
[Site "Internet Chess Club"]
[Date "2021.01.15"]
[Round "1"]
[White "TjkTiger"]
[Black "hggonzalezzss"]
[Result "1-0"]
[ICCResult "Black resigns"]
[WhiteElo "2597"]
[BlackElo "1776"]
[Opening "English: symmetrical variation"]
[ECO "A38"]
[NIC "EO.26"]
[Time "20:02:01"]
[PlyCount "55"]
[TimeControl "180+2"]

1. c4 c5 2. g3 g6 3. Bg2 Bg7 4. Nc3 Nf6 5. Nf3 Nc6 6. d4 cxd4 7. Nxd4 O-O
8. O-O a6 9. c5 Nxd4 10. Qxd4 Rb8 11. Bf4 Ng4 12. Qd1 e5 13. Qd6 Ra8 14.
Bd2 Re8 15. Nd5 Re6 16. Qc7 Qe8 17. Nb6 e4 18. Nxa8 Be5 19. Qa5 h5 20. Nc7
Bxc7 21. Qxc7 Rc6 22. Qf4 Rxc5 23. Bc3 e3 24. fxe3 Qxe3+ 25. Qxe3 Nxe3 26.
Bd4 Nxf1 27. Bxc5 Nd2 28. b3 { Black resigns } 1-0

[Event "ICC tourney 2308 (3 2)"]
[Site "Internet Chess Club"]
[Date "2021.01.15"]
[Round "1"]
[White "bnielsen19"]
[Black "wolverine54"]
[Result "0-1"]
[ICCResult "White checkmated"]
[WhiteElo "1565"]
[BlackElo "2327"]
[Opening "Giuoco Piano"]
[ECO "C54"]
[NIC "IG.02"]
[Time "20:01:35"]
[PlyCount "86"]
[TimeControl "180+2"]

1. e4 e5 2. Nf3 Nc6 3. Bc4 Bc5 4. c3 Nf6 5. d3 O-O 6. Bg5 h6 7. Bc1 d5 8.
exd5 Nxd5 9. O-O Bg4 10. h3 Bh5 11. Re1 Nb6 12. Bb3 a5 13. Nbd2 a4 14. Bc2
f5 15. Nf1 Qd6 16. Ng3 Bg6 17. Qe2 e4 18. dxe4 Qxg3 19. exf5 Bh5 20. Be3
Bxe3 21. Qxe3 Qd6 22. Rad1 Qf6 23. g4 Bf7 24. Qf4 Nd5 25. Qc4 Ne3 26. Qe2
Nxd1 27. Rxd1 Rfe8 28. Qd3 Rad8 29. Qb5 Rxd1+ 30. Bxd1 Ne5 31. Qxb7 Nxf3+
32. Bxf3 Re1+ 33. Kg2 Qe5 34. Qa8+ Kh7 35. Qxa4 Bd5 36. Qd4 Bxf3+ 37. Kxf3
Qh2 38. Qd2 Qxh3+ 39. Kf4 Qh2+ 40. Kf3 Qh1+ 41. Kf4 Qe4+ 42. Kg3 Rg1+ 43.
Kh4 Qxg4# { White checkmated } 0-1